 Dungeon Crawl Stone Soup version 0.31-a0-149-g3fdcc5976a (webtiles) character file.

Game seed: 8647200206054689536

68 CowFu the Slasher (level 4, 0/38 HPs)
             Began as a Gnoll Reaver on June 7, 2023.
             Slain by a worm (10 damage)
             ... on level 3 of the Dungeon.
             The game lasted 00:03:59 (1491 turns).

CowFu the Slasher (Gnoll Reaver)                    Turns: 1491, Time: 00:04:00

Health: 0/38       AC:  5    Str: 14    XL:     4   Next: 19%
Magic:  11/11      EV: 12    Int: 12    God:
Gold:   73         SH:  0    Dex: 10    Spells: 12/13 levels left

rFire   . . .        a - +1 falchion
rCold   . . .        (no shield)
rNeg    . . .        e - +0 leather armour
rPois   .            f - +1 helmet
rElec   .            (no cloak)
rCorr   .            (no gloves)
SInv    .            (no boots)
Will    .....        (no amulet)
Stlth   +            (no ring)
HPRegen 0.26/turn    (no ring)
MPRegen 0.12/turn

%: no passive effects
@: no status effects
A: fangs 1, strong nose, distributed training
a: no special abilities


You were on level 3 of the Dungeon.
You visited 1 branch of the dungeon, and saw 3 of its levels.

You collected 73 gold pieces.

Inventory:

Hand Weapons
 a - a +1 falchion (weapon)
 b - a +0 dagger of venom
Armour
 e - a +0 leather armour (worn)
 f - a +1 helmet (worn)
Magical Staves
 h - a staff of air
Scrolls
 c - a scroll of vulnerability
 j - 2 scrolls of enchant weapon
Potions
 i - a potion of lignification {unknown}
 k - a potion of berserk rage {unknown}


   Skills:
 + Level 4.6 Fighting
 + Level 1.1 Short Blades
 + Level 6.6 Long Blades
 + Level 1.1 Axes
 + Level 1.1 Maces & Flails
 + Level 1.1 Polearms
 + Level 1.1 Staves
 + Level 1.1 Ranged Weapons
 + Level 1.1 Throwing
 + Level 1.1 Armour
 + Level 4.6 Dodging
 + Level 1.1 Stealth
 + Level 1.1 Shields
 + Level 1.1 Unarmed Combat
 + Level 5.0 Spellcasting
 + Level 5.4 Conjurations
 + Level 0.8 Hexes
 + Level 0.8 Summonings
 + Level 0.8 Necromancy
 + Level 0.8 Translocations
 + Level 0.8 Transmutations
 + Level 0.8 Fire Magic
 + Level 0.8 Ice Magic
 + Level 0.8 Air Magic
 + Level 0.8 Earth Magic
 + Level 0.8 Poison Magic
 + Level 1.2 Invocations
 + Level 1.1 Evocations


You had 12 spell levels left.
You knew the following spells:

 Your Spells              Type           Power      Damage    Failure   Level
a - Kiss of Death         Conj/Necr      40%        2d8       7%          1

Your spell library contained the following spells:

 Spells                   Type           Power      Damage    Failure   Level
 Magic Dart               Conj           64%        1d6       2%          1
 Searing Ray              Conj           32%        2d5       3%          2
 Momentum Strike          Conj/Tloc      20%        3d8       10%         2
 Hailstorm                Conj/Ice       10%        3d5       21%         3
 Ensorcelled Hibernation  Hex/Ice        10%        N/A       26%         2
 Passwall                 Tmut/Erth      4%         N/A       26%         2
 Poisonous Vapours        Pois/Air       10%        N/A       26%         2
 Mephitic Cloud           Conj/Pois/Air  8%         N/A       26%         3
 Frozen Ramparts          Ice            10%        1d2       45%         3
 Swiftness                Air            5%         N/A       45%         3
 Fulminant Prism          Conj/Hex       5%         3d7       54%         4
 Ice Form                 Ice/Tmut       5%         N/A       86%         4
 Summon Ice Beast         Ice/Summ       5%         N/A       86%         4
 Freezing Cloud           Conj/Ice/Air   4%         6-21      94%         5


Dungeon Overview and Level Annotations

Branches:
Dungeon (3/15)

Altars:


Innate Abilities, Weirdness & Mutations

You have very sharp teeth.
Your uncanny sense of smell can sniff out nearby items.
Your experience applies equally to all skills.


Message History

The adder is moderately wounded.
The hobgoblin hits you but does no damage.
The adder bites you but does no damage.
You hit the adder. Your bite misses the adder.
The adder is almost dead.
The hobgoblin closely misses you. The adder bites you.
* * * LOW HITPOINT WARNING * * *
You are poisoned.
The adder poisons you!
You slash the adder!
You kill the adder!
You feel sick.
The hobgoblin hits you but does no damage.
You have reached level 4!
You feel stronger.
You feel better. The orc hits you but does no damage.
The hobgoblin hits you but does no damage.
You closely miss the hobgoblin. The orc hits you with a +0 hand axe.
* * * LOW HITPOINT WARNING * * *
The hobgoblin closely misses you.
You barely miss the hobgoblin. The orc hits you with a +0 hand axe.
* * * LOW HITPOINT WARNING * * *
The hobgoblin hits you but does no damage.
You slash the hobgoblin!
You kill the hobgoblin!
The orc closely misses you.
You closely miss the orc. The orc barely misses you.
You hit the orc.
The orc is lightly wounded.
The orc completely misses you.
You barely miss the orc.
The orc is lightly wounded.
The orc hits you with a +0 hand axe.
* * * LOW HITPOINT WARNING * * *
You slash the orc!
You kill the orc!
You slash the worm!
The worm is heavily wounded.
The worm bites you!
You die...

..........[...# ....
..............# .....
..............##......
>.....................
......w..)....##...S..
............^##.......
......#....w..........
.....##..##w######...#
#~~......#.@.# #
#~~~...###.### #~#....
#...# #~~~.. #...#
#~#w.. ##...# ###
#~~~~.##....##...
#~.....####..#
#~....?.....###
#!............#


You could see 2 worms.

Vanquished Creatures
  3 adders
  2 worms (D:2)
  An orc (D:3)
  An endoplasm (D:1)
  2 giant cockroaches
  4 goblins
  4 hobgoblins
  A quokka (D:2)
  3 ball pythons
  6 bats
  2 frilled lizards (D:2)
  3 kobolds (D:2)
  3 rats
35 creatures vanquished.

Notes
Turn   | Place    | Note
-------+----------+-------------------------------------------
     0 | D:1      | CowFu the Gnoll Reaver began the quest for the Orb.
     0 | D:1      | Reached XP level 1. HP: 20/20 MP: 6/6
   263 | D:1      | Reached XP level 2. HP: 21/24 MP: 7/7
   835 | D:2      | Reached skill level 5 in Spellcasting
   835 | D:2      | Reached XP level 3. HP: 17/31 MP: 7/9
   836 | D:2      | Reached skill level 1 in Invocations
  1460 | D:3      | Reached skill level 1 in Short Blades
  1460 | D:3      | Reached skill level 1 in Axes
  1460 | D:3      | Reached skill level 1 in Maces & Flails
  1460 | D:3      | Reached skill level 1 in Polearms
  1460 | D:3      | Reached skill level 1 in Staves
  1460 | D:3      | Reached skill level 1 in Ranged Weapons
  1460 | D:3      | Reached skill level 1 in Throwing
  1460 | D:3      | Reached skill level 1 in Armour
  1460 | D:3      | Reached skill level 1 in Stealth
  1460 | D:3      | Reached skill level 1 in Shields
  1460 | D:3      | Reached skill level 1 in Unarmed Combat
  1460 | D:3      | Reached skill level 1 in Evocations
  1482 | D:3      | Reached XP level 4. HP: 5/38 MP: 11/11
  1491 | D:3      | Slain by a worm

Illustrated notes

Levels and vault maps discovered:
D:1:      sevenhm_arrival_forest_fort_small_1, layout_basic, nrook_campfire,
          minmay_tetromino_l2
D:2:      layout_basic
D:3:      layout_rooms, lightli_sewer_entry_pipes

Skill      XL: |  1  2  3 |
---------------+----------+-----
Spellcasting   | 5 |  5.0
Invocations    | 1 |  1.2
Short Blades   | 1 |  1.1
Axes           | 1 |  1.1
Maces & Flails | 1 |  1.1
Polearms       | 1 |  1.1
Staves         | 1 |  1.1
Ranged Weapons | 1 |  1.1
Throwing       | 1 |  1.1
Armour         | 1 |  1.1
Stealth        | 1 |  1.1
Shields        | 1 |  1.1
Unarmed Combat | 1 |  1.1
Evocations     | 1 |  1.1
Fighting       | |  4.6
Long Blades    | |  6.6
Dodging        | |  4.6
Conjurations   | |  5.4
Hexes          | |  0.8
Summonings     | |  0.8
Necromancy     | |  0.8
Translocations | |  0.8
Transmutations | |  0.8
Fire Magic     | |  0.8
Ice Magic      | |  0.8
Air Magic      | |  0.8
Earth Magic    | |  0.8
Poison Magic   | |  0.8

Action                     |  1- 3 |  4- 6 || total
---------------------------+-------+-------++-------
  Melee: Falchion          |   120 |     8 ||   128
         Punch             |     2 |       ||     2
         Bite              |     6 |       ||     6
   Cast: Kiss of Death     |     1 |       ||     1
    Use: Scroll            |     4 |       ||     4
         Potion            |     2 |     1 ||     3
 Armour: Leather armour    |    51 |     3 ||    54
  Dodge: Dodged            |   117 |     4 ||   121

Table legend: (Time is in decaauts)
 A = Elapsed time spent in this place.
 B = Non-inter-level travel time spent in this place.
 C = Inter-level travel time spent in this place.
 D = Time resting spent in this place.
 E = Time spent auto-exploring this place.
 F = Levels seen in this place.
 G = Mean time per level.
                   A        B        C        D        E       F      G
               +--------+--------+--------+--------+--------+-----+--------+
         Total |   1491 |   1456 |     35 |      0 |   1103 |   3 |  497.0 |
       Dungeon |   1491 |   1456 |     35 |      0 |   1103 |   3 |  497.0 |
               +--------+--------+--------+--------+--------+-----+--------+

Top non-repeatable levels by time:
     D:2: 842 daAuts
     D:1: 549 daAuts
     D:3: 99 daAuts
